 Dungeon Crawl Stone Soup version 0.14.0-6-g1bc2dff (webtiles) character file.

8132 Kejsarherre the Cleaver (level 11, -3/90 HPs)
             Began as a Formicid Fighter on Apr 11, 2014.
             Was a Follower of Ashenzari.
             Killed from afar by an electric eel (9 damage)
             ... with a bolt of electricity
             ... on Level 10 of the Dungeon on Apr 12, 2014.
             The game lasted 00:34:23 (11491 turns).

Kejsarherre the Cleaver (Formicid Fighter)         Turns: 11491, Time: 00:34:24

HP  -3/90        AC 11     Str 26      XL: 11   Next: 45%
MP  17/17        EV  6     Int 10      God: Ashenzari [*.....]
Gold 245         SH 23     Dex 10      Spells:  0 memorised, 10 levels left

rFire  . . .     SeeInvis +     S - +0 war axe
rCold  + . .     Clarity  .     o - -1 plate armour (curse)
rNeg   . . .     Conserve .     c - +0 shield (curse)
rPois  .         rCorr    .     (helmet unavailable)
rElec  .         rRot     .     (no cloak)
SustAb . .       Spirit   .     y - +0 pair of gloves {Str+3} (curse)
rMut   .         Warding  .     (no boots)
Saprov . . .     Stasis   +     z - cursed amulet of faith
MR     +....                    C - +1 ring of intelligence
                                e - ring of protection from cold

@: somewhat resistant to hostile enchantments, extremely unstealthy
A: permanent stasis, dig shafts and tunnels, four strong arms, antennae 3
a: Dig, Shaft Self, Renounce Religion


You were on level 10 of the Dungeon.
You worshipped Ashenzari.
Ashenzari was aware of your devotion.
You were hungry.

You visited 2 branches of the dungeon, and saw 11 of its levels.
You also visited: Ossuary.

You collected 419 gold pieces.
You spent 174 gold pieces at shops.

Inventory:

Hand weapons
 H - a +1,-4 battleaxe
 S - a +0,+0 war axe (weapon)
Armour
 b - a -1 scale mail
 c - a cursed +0 shield (worn)
 o - a cursed -1 plate armour (worn)
 y - a cursed +0 pair of gloves of strength (worn)
Magical devices
 m - a wand of flame (0)
 p - a wand of confusion (4)
 s - a wand of fire (0)
 t - a wand of slowing (7)
 N - a wand of lightning (0)
 R - a wand of enslavement (14)
Comestibles
 a - 5 royal jellies
 d - 6 bread rations
 w - 7 meat rations
Scrolls
 f - 2 scrolls of amnesia
 i - 2 scrolls of magic mapping {unknown}
 l - 3 scrolls of immolation {unknown}
 r - 3 scrolls of enchant weapon II {unknown}
 u - 2 scrolls of fog {unknown}
 v - a scroll of identify
 D - 6 scrolls of fear
 E - a scroll of noise {unknown}
 J - a scroll of blinking {unknown}
 L - a scroll of enchant weapon I {unknown}
 O - a scroll of curse weapon
 P - 2 scrolls of curse armour
 Q - a scroll of remove curse
Jewellery
 e - a ring of protection from cold (left hand)
 g - an uncursed ring of wizardry
 n - a cursed ring of ice
 z - a cursed amulet of faith (around neck)
 C - a +1 ring of intelligence (right hand)
 F - an uncursed ring of flight
Potions
 h - a potion of agility
 j - a potion of magic
 k - a potion of curing
 q - 2 potions of resistance
 A - a potion of might
 B - a potion of porridge
 G - a potion of invisibility
 K - a potion of paralysis {unknown}
 M - a potion of flight
Books
 x - a book of Frost

   Spells                             Type                      Level
   Freeze                             Ice                          1
   Throw Frost                        Conjuration/Ice              2
   Ozocubu's Armour                   Charms/Ice                   3
   Throw Icicle                       Conjuration/Ice              4
   Summon Ice Beast                   Ice/Summoning                4
   Condensation Shield                Ice                          4
 I - a book of Dreams

   Spells                             Type                      Level
   Ensorcelled Hibernation            Hexes/Ice                    2
   Flight                             Charms/Air                   3
   Phase Shift                        Translocation                5
   Shadow Creatures                   Summoning                    5
   Mass Confusion                     Hexes                        6
   Darkness                           Hexes                        7


   Skills:
 - Level 9.7 Fighting
 + Level 13.1 Axes
 - Level 3.2 Armour
 * Level 8.3 Shields
 - Level 1.3 Evocations


You had 10 spell levels left.
You didn't know any spells.

Dungeon Overview and Level Annotations

Branches:
Dungeon (10/15)            Temple (1/1) D:5
    Orc: D:9-12        Lair: D:8-11

Altars:
Ashenzari
Dithmenos
Elyvilon
Fedhas
Kikubaaqudgha
Makhleb
Nemelex Xobeh
Okawaru
Sif Muna
Trog
Vehumet
Xom
Yredelemnul
Zin
The Shining One

Shops:
D:5 =[}*[

Annotations:
D:3 DracheReborn's ghost, average CeSu
D:8 Psyche


Innate Abilities, Weirdness & Mutations

Your are under a permanent stasis effect.
You can dig through walls and to a lower floor.
Your four strong arms can wield two-handed weapons with a shield.
You have a pair of large antennae on your head (SInv).


Message History

The big kobold barely misses you.
You slice the big kobold!!
You kill the big kobold!
You start resting.
You are feeling hungry.
You start resting.
You feel a little less mighty now.
There is an open gate, spattered with blood here.
You see here a big kobold corpse.
An electric eel comes into view.
The electric eel shoots out a bolt of electricity!
The bolt of electricity hits you!
* * * LOW HITPOINT WARNING * * *
You see here a hog corpse.
The electric eel shoots out a bolt of electricity!
You stop butchering the corpse.
The bolt of electricity hits you!
* * * LOW HITPOINT WARNING * * *
The electric eel shoots out a bolt of electricity!
The bolt of electricity hits you!
You die...

≈≈≈≈≈≈.♣≈≈≈≈.#####
≈≈≈≈≈♣..♣%..##...##
≈≈≈≈≈≈.....##.%...##
≈≈≈≈≈≈≈≈≈..#..<.<..# .
≈≈≈≈≈≈≈≈≈..#.....).#..♣
≈≈≈≈≈≈≈≈≈..#...<...#...♣
..≈≈≈≈≈≈≈..##.....##....♣
...≈≈≈≈≈≈...##...##.....♣♣
....≈≈≈≈≈≈...#''@#......♣♣
.....≈≈≈≈≈..............♣♣
.....≈≈≈≈≈{.....%.......♣♣♣
......................./..♣
..........................♣
......≈≈≈≈;..P.P.P.P......
.......≈≈≈≈≈.....P.....P..
.......≈≈≈≈≈...P...P.P....
.......≈≈≈≈≈.....P.P...P.


You could see an electric eel.

Vanquished Creatures
  A hydra (D:10)
  The ghost of Anthony the Carver, an experienced HuSk of Okawaru (D:8)
  A two-headed ogre (D:8)
  A wyvern (D:8)
  A shark (D:10)
  A hungry ghost (D:9)
  2 steam dragons (D:5)
  2 yaks
  2 hogs (D:10)
  Eustachio (D:5)
  2 hippogriffs
  Grum (D:9)
  2 wolves (D:9)
  Menkaure (D:4)
  2 necrophages
  3 orc warriors
  2 ice beasts (D:5)
  2 sky beasts
  An ogre (D:8)
  A phantom (D:4)
  2 centaurs
  Sigmund (D:8)
  A big kobold (D:10)
  3 giant frogs
  An elf zombie (Ossuary)
  4 scorpions
  4 wights
  11 jellies
  A human zombie (Ossuary)
  4 centaur zombies (Ossuary)
  2 crimson imps
  6 hounds
  A gnoll shaman (D:4)
  2 iguanas
  3 orc priests
  An iron imp (D:5)
  Natasha (thrice) (D:6)
  8 worker ants
  13 orc wizards
  3 sheep
  Ijyb (D:4)
  An ogre zombie (Ossuary)
  A hound zombie (D:7)
  2 ogre skeletons
  7 mummies (Ossuary)
  2 big fish zombies (D:9)
  4 gnolls (D:5)
  13 adders
  2 scorpion zombies
  A white imp (D:5)
  A shadow imp (D:6)
  3 giant mites
  3 worms
  An ufetubus (D:5)
  An adder skeleton (D:4)
  3 adder zombies (Ossuary)
  2 giant eyeballs
  3 giant geckos
  6 oozes
  40 orcs
  2 ball pythons
  16 bats
  3 giant cockroaches
  15 goblins
  10 hobgoblins
  14 kobolds
  5 quokkas
  7 giant newts
  4 goblin zombies (Ossuary)
  A hobgoblin skeleton (D:8)
  5 hobgoblin zombies
  15 jackals
  6 kobold zombies (Ossuary)
  4 quokka zombies (Ossuary)
  18 rats
  3 rat zombies
329 creatures vanquished.

Notes
Turn   | Place    | Note
--------------------------------------------------------------
     0 | D:1      | Kejsarherre, the Formicid Fighter, began the quest for the Orb.
     0 | D:1      | Reached XP level 1. HP: 18/18 MP: 1/1
     0 | D:1      | Noticed a shadow dragon
     6 | D:1      | Noticed a large abomination
     7 | D:1      | Noticed an iron dragon
     8 | D:1      | Noticed a tentacled monstrosity
     9 | D:1      | Noticed a large abomination
    12 | D:1      | Noticed an ice dragon
    13 | D:1      | Noticed an orb of fire
    16 | D:1      | Noticed a mottled draconian
    16 | D:1      | Noticed a purple draconian
    18 | D:1      | Noticed a large abomination
    19 | D:1      | Noticed a mottled draconian
    20 | D:1      | Noticed an iron dragon
    20 | D:1      | Noticed an ice dragon
    22 | D:1      | Noticed a red draconian
    22 | D:1      | Noticed a shadow dragon
    22 | D:1      | Noticed a shadow dragon
    24 | D:1      | Noticed a shadow dragon
    25 | D:1      | Noticed a shadow dragon
    70 | D:1      | Reached XP level 2. HP: 6/25 MP: 3/3
   306 | D:1      | Reached skill level 4 in Fighting
   398 | D:1      | Reached XP level 3. HP: 30/30 MP: 4/4
   869 | D:2      | Reached XP level 4. HP: 20/38 MP: 5/5
  1307 | D:3      | Reached skill level 5 in Fighting
  1366 | D:3      | Found a sparkling altar of Nemelex Xobeh.
  1452 | D:3      | Noticed DracheReborn's ghost (average CeSu)
  1672 | D:4      | Noticed Menkaure
  1681 | D:4      | Killed Menkaure
  1681 | D:4      | Reached XP level 5. HP: 6/46 MP: 7/7
  1681 | D:4      | Reached XP level 6. HP: 6/52 MP: 8/8
  1954 | D:4      | Found a sand-covered staircase.
  2008 | Ossuary  | Entered an ossuary
  2050 | Ossuary  | Reached skill level 6 in Fighting
  2240 | Ossuary  | Reached XP level 7. HP: 25/58 MP: 9/9
  2434 | Ossuary  | Reached skill level 5 in Axes
  3372 | D:4      | Noticed Ijyb
  3398 | D:4      | Killed Ijyb
  3398 | D:4      | Reached skill level 7 in Fighting
  3458 | D:4      | Reached XP level 8. HP: 21/67 MP: 11/11
  3668 | D:4      | Noticed a phantom
  3715 | D:4      | Killed a phantom
  4136 | D:5      | Entered Level 5 of the Dungeon
  4455 | D:5      | Found Zuakuac's General Store.
  4466 | D:5      | Bought a potion of heal wounds for 36 gold pieces
  4466 | D:5      | Bought a +0 pair of gloves of strength for 138 gold pieces
  4480 | D:5      | Found Cluareil's Gadget Shop.
  4506 | D:5      | Found a radiant altar of Vehumet.
  4559 | D:5      | Noticed Eustachio
  4577 | D:5      | Killed Eustachio
  4577 | D:5      | Reached skill level 8 in Fighting
  4915 | D:4      | Reached XP level 9. HP: 14/75 MP: 12/12
  5101 | D:5      | Found Thaczept's Jewellery Shoppe.
  5209 | D:5      | Found Smar's Antique Armour Emporium.
  5246 | D:5      | Found a staircase to the Ecumenical Temple.
  5274 | Temple   | Entered the Ecumenical Temple
  5405 | D:5      | Found Tuatzim's Armour Emporium.
  5707 | D:6      | Reached skill level 9 in Fighting
  5906 | D:6      | Noticed Natasha
  5913 | D:6      | Killed Natasha
  5931 | D:6      | Found an ancient bone altar of Kikubaaqudgha.
  6061 | D:6      | Noticed Natasha
  6070 | D:6      | Killed Natasha
  6227 | D:6      | Found a glowing silver altar of Zin.
  6467 | D:6      | Noticed Natasha
  6468 | D:6      | Killed Natasha
  6484 | D:6      | Got an iridescent flail
  6520 | D:6      | Identified the +8,-3 flail of Broken Luck {crush, +Inv} (You took it off an orc on level 6 of the Dungeon)
  6984 | D:7      | Reached skill level 10 in Axes
  7228 | D:7      | Found a shimmering altar of Xom.
  7233 | D:7      | Reached XP level 10. HP: 84/84 MP: 12/14
  7238 | D:7      | Reached skill level 1 in Evocations
  7500 | D:7      | Found a blossoming altar of Fedhas.
  7503 | D:7      | Found a shattered altar of Ashenzari.
  7516 | D:7      | Became a worshipper of Ashenzari the Shackled
  7819 | D:7      | Found a white marble altar of Elyvilon.
  7861 | D:7      | Found a radiant altar of Vehumet.
  7991 | D:7      | Found a bloodstained altar of Trog.
  8255 | D:8      | Reached skill level 11 in Axes
  8264 | D:8      | Noticed Psyche
  8682 | D:8      | Noticed Anthony's ghost (experienced HuSk)
  8701 | D:8      | Killed Anthony's ghost
  8701 | D:8      | Reached skill level 12 in Axes
  9583 | D:8      | Noticed Sigmund
  9599 | D:8      | Killed Sigmund
  9949 | D:9      | Reached skill level 5 in Shields
 10030 | D:9      | Reached XP level 11. HP: 64/90 MP: 17/17
 10492 | D:9      | Found a basalt altar of Yredelemnul.
 10529 | D:10     | Entered Level 10 of the Dungeon
 10535 | D:10     | Noticed Grum
 10579 | D:9      | Killed Grum
 11026 | D:10     | Reached skill level 13 in Axes
 11385 | D:10     | Noticed a five-headed hydra
 11415 | D:10     | Killed a seven-headed hydra
 11491 | D:10     | Killed from afar by an electric eel

Action                   |  1- 3 |  4- 6 |  7- 9 | 10-12 || total
-------------------------+-------+-------+-------+-------++-------
Melee: War axe           |   113 |   134 |   498 |    63 ||   808
       Hand axe          |       |       |     6 |       ||     6
       Battleaxe         |       |       |       |   306 ||   306
 Abil: Dig               |       |       |       |     1 ||     1
Evoke: Wand              |       |       |     7 |    12 ||    19
  Use: Scroll            |       |     7 |     3 |     7 ||    17
       Potion            |       |     2 |     7 |     6 ||    15
